 Dungeon Crawl Stone Soup version 0.28.0-53-g5a82cb258f (webtiles) character file.

Game seed: 11611863092906167006

118328 Peloso the Swashbuckler (level 16, 0/152 HPs)
             Began as a Minotaur Fighter on July 13, 2022.
             Was the Champion of Okawaru.
             Slain by a +2 halberd of venom (11 damage)
             ... on level 1 of the Elven Halls.
             The game lasted 01:05:42 (26715 turns).

Peloso the Swashbuckler (Minotaur Fighter)         Turns: 26715, Time: 01:05:45

Health: 0/152      AC: 35    Str: 26    XL:     16   Next: 25%
Magic:  13/17      EV: 11    Int: 12    God:    Okawaru [******]
Gold:   2176       SH: 21    Dex: 13    Spells: 15/15 levels left

rFire   + . .      SeeInvis +   b - +11 rapier of Dissolution {spect, Int+7}
rCold   + . .      Faith    .   c - +0 tower shield
rNeg    + + .      Spirit   .   G - +9 plate armour "Karugruh" {*Slow rN+ SInv Stlth+}
rPois   +          Reflect  .   S - -2 hat of the Alchemist {rElec rPois rF+ rC+ rN+ Will+ rMut rCorr}
rElec   +          Harm     .   y - +2 cloak {Will+}
rCorr   +          Rampage  .   k - +0 pair of gloves of the Jabberwock {rPois Will+ Slay+3 Stlth+}
rMut    +                       v - +0 pair of boots
Will    ++++.                   O - amulet of regeneration
Stlth   ++........              (no ring)
HPRegen 1.15/turn               r - +4 ring of slaying
MPRegen 0.15/turn

@: lethally poisoned (0 -> -4), heroic
A: horns 2, retaliatory headbutt
a: Renounce Religion, Heroism, Finesse, Duel


You were on level 1 of the Elven Halls.
You worshipped Okawaru.
Okawaru was exalted by your worship.
You visited 5 branches of the dungeon, and saw 25 of its levels.
You also visited: Volcano.

You collected 2721 gold pieces.
You spent 545 gold pieces at shops.

Inventory:

Hand Weapons
 a - a +3 scimitar of flaming
 b - the +11 rapier of Dissolution (weapon) {spect, Int+7}
   (Okawaru gifted it to you on level 3 of the Lair of Beasts)

   When its wielder attacks, the weapon's spirit leaps out and strikes again.
   The spirit shares a part of any damage it takes with its wielder.
   Int:       It affects your intelligence (+7).
Missiles
 F - 4 throwing nets (quivered)
Armour
 c - a +0 tower shield (worn)
 k - the +0 pair of gloves of the Jabberwock (worn) {rPois Will+ Slay+3 Stlth+}
   (You bought it in a shop on level 2 of the Orcish Mines)

   Slay:      It affects your accuracy & damage with ranged weapons and melee
   (+3).
   rPois:     It protects you from poison.
   Will:      It increases your willpower.
   Stlth:     It makes you more stealthy.
 v - a +0 pair of boots (worn)
 y - a +2 cloak of willpower (worn)
 A - +0 fire dragon scales
 G - the +9 plate armour "Karugruh" (worn) {*Slow rN+ SInv Stlth+}
   (You took it off an orc knight on level 2 of the Orcish Mines)

   rN:        It protects you from negative energy.
   SInv:      It lets you see invisible.
   *Slow:     It may slow you when you take damage.
   Stlth:     It makes you more stealthy.
 J - the +6 plate armour "Immock" {rElec}
   (Okawaru gifted it to you on level 15 of the Dungeon)

   rElec:     It insulates you from electricity.
 K - a +2 hat of intelligence
 S - the -2 hat of the Alchemist (worn) {rElec rPois rF+ rC+ rN+ Will+ rMut rCorr}
   (You found it on level 15 of the Dungeon)

   rF:        It protects you from fire.
   rC:        It protects you from cold.
   rElec:     It insulates you from electricity.
   rPois:     It protects you from poison.
   rN:        It protects you from negative energy.
   rCorr:     It protects you from acid and corrosion.
   rMut:      It protects you from mutation.
   Will:      It increases your willpower.
Jewellery
 l - the ring "Vyts" {rF+ rC+ Str-2 Int+4 Dex+4}
   (You bought it in a shop on level 2 of the Orcish Mines)

   [ring of protection from fire]

   Str:       It affects your strength (-2).
   Int:       It affects your intelligence (+4).
   Dex:       It affects your dexterity (+4).
   rF:        It protects you from fire.
   rC:        It protects you from cold.
 m - a +6 ring of intelligence
 q - a +6 ring of strength
 r - a +4 ring of slaying (right hand)
 t - a ring of positive energy
 w - the ring of Itorofa {rF+ Int+2 Dex+2}
   (You found it on level 10 of the Dungeon)

   [ring of protection from fire]

   Int:       It affects your intelligence (+2).
   Dex:       It affects your dexterity (+2).
   rF:        It protects you from fire.
 D - a ring of wizardry
 E - a ring of flight
 O - an amulet of regeneration (around neck)
 U - a ring of willpower
Wands
 i - a wand of digging (1)
 p - a wand of flame (9)
 X - a wand of paralysis (8)
Scrolls
 e - 3 scrolls of magic mapping
 f - a scroll of fog
 g - 5 scrolls of identify
 n - a scroll of holy word
 o - a scroll of teleportation
 B - 2 scrolls of noise
 C - 2 scrolls of amnesia
 N - 7 scrolls of fear
 Q - a scroll of enchant weapon
 V - a scroll of enchant armour
Potions
 d - 5 potions of might
 h - a potion of invisibility
 j - a potion of cancellation
 s - 11 potions of curing
 H - 3 potions of brilliance
 I - 4 potions of flight
 L - 7 potions of haste
 M - 2 potions of resistance {unknown}
 R - 3 potions of attraction {unknown}
 T - a potion of ambrosia
Miscellaneous
 x - a phial of floods
 z - a lightning rod (4/4)


   Skills:
 + Level 16.4(21.4) Fighting
 + Level 17.8(23.0) Short Blades
 + Level 4.0(18.3) Long Blades
 + Level 17.4(22.4) Armour
 + Level 5.1(10.1) Dodging
 + Level 5.3(10.3) Stealth
 + Level 14.7(19.7) Shields
 + Level 3.7 Invocations
 + Level 2.7 Evocations


You had 15 spell levels left.
You didn't know any spells.
Your spell library contained the following spells:

 Spells                   Type           Power      Damage    Failure   Level
 Pain                     Necr           0%         1d4       97%         1
 Ensorcelled Hibernation  Hex/Ice        0%         N/A       99%         2
 Passwall                 Tmut/Erth      0%         N/A       99%         2
 Sublimation of Blood     Necr           0%         N/A       99%         2
 Confusing Touch          Hex            0%         N/A       100%        3
 Frozen Ramparts          Ice            0%         1d2       100%        3
 Swiftness                Air            0%         N/A       100%        3
 Vampiric Draining        Necr           0%         2d6       100%        3
 Anguish                  Hex/Necr       0%         N/A       100%        4
 Hailstorm                Conj/Ice       0%         3d3       100%        4
 Ice Form                 Ice/Tmut       0%         N/A       100%        4
 Petrify                  Tmut/Erth      0%         N/A       100%        4
 Freezing Cloud           Conj/Ice/Air   0%         6-21      100%        5
 Irradiate                Conj/Tmut      0%         3d13      100%        5
 Metabolic Englaciation   Hex/Ice        0%         N/A       100%        5
 Yara's Violent Unravell  Hex/Tmut       0%         3d3       100%        5
 Statue Form              Tmut/Erth      0%         N/A       100%        6
 Enfeeble                 Hex            0%         N/A       100%        7
 Polar Vortex             Ice            0%         N/A       100%        9
 Animate Skeleton         Necr           Unusable   N/A       N/A         1
 Tukima's Dance           Hex            Unusable   N/A       N/A         3
 Summon Ice Beast         Ice/Summ       Unusable   N/A       N/A         4
 Simulacrum               Ice/Necr       Unusable   N/A       N/A         6

Dungeon Overview and Level Annotations

Branches:
Dungeon (15/15)            Temple (1/1) D:4            Lair (6/6) D:9
  Swamp (0/4) Lair:4        Snake (0/4) Lair:4        Slime (0/5) Lair:5
    Orc (2/2) D:10            Elf (1/3) Orc:2        Vaults (0/5) D:14
 Depths (0/4) D:15        Volcano (visited)

Altars:
Ashenzari
Dithmenos
Elyvilon
Fedhas
Gozag
Hepliaklqana
Kikubaaqudgha
Makhleb
Nemelex Xobeh
Okawaru
Vehumet
Wu Jian
Zin
The Shining One
Beogh
Jiyva
Lugonu

Shops:
D:13 *[?[   Orc:2 *[*!

Portals:
Abyss: Lair:6

Annotations:
D:4 1 runed translucent door, hitsuchi's ghost, amateur TeAE
Orc:2 Casa
Elf:1 3 runed translucent doors, kalagan's ghost, journeyman DECj


Innate Abilities, Weirdness & Mutations

You have a pair of horns on your head.
You reflexively headbutt those who attack you in melee.


Message History

The +2 halberd of venom hits you from afar.
The +4 antimagic trident hits you.
You feel your power leaking away.
The +2 halberd of venom hits you from afar!!
* * * LOW HITPOINT WARNING * * *
You are poisoned.
You see here a +2 short sword of electrocution.
You miss the +4 antimagic trident.
You feel very sick.
The lindwurm changes into a two-headed ogre!
You block the +4 antimagic trident's attack.
Unknown command.
You puncture the +4 antimagic trident!
The +4 antimagic trident is heavily damaged.
You feel sick.
The +2 halberd of venom hits you but does no damage.
The deep elf pyromancer gestures wildly while chanting.
The deep elf pyromancer blinks!
The +4 antimagic trident hits you.
* * * LOW HITPOINT WARNING * * *
You feel your power leaking away.
You impale the +4 antimagic trident!!
The +4 antimagic trident falls from the air.
Okawaru accepts your kill.
You feel sick.
The two-headed ogre changes into a shock serpent!
You block the +2 halberd of venom's attack.
Your life force feels restored.
You feel very sick.
The fire elemental disappears in a puff of smoke!
You block the +2 halberd of venom's attack.
The deep elf zephyrmancer casts a spell at you.
The bolt of lightning hits the shock serpent.
The shock serpent completely resists.
The bolt of lightning hits you. You resist.
* * * LOW HITPOINT WARNING * * *
The shock serpent shoots out a bolt of lightning at you!
The bolt of electricity misses you.
The deep elf archer is engulfed in blazing flames.
The +2 halberd of venom hits you!
You die...

#.# ....###..#ee...e.#..#
... ...##...#e##.##.#..#
###.####.. #...#e##.##.#..#
.......#.###...#E##.##.#..#
.......#.).....#W$?!}eE#..#
......○#.e##...#.......#..#
...8.○eEe(###..#########..#
.....°.#e(###..............
..e..EE#eS@)...............
......°#.#########.####....
###.####.# ##.# ###.# ...
..# ######..######^# #.#
... ................ #. #e.
######..........
#..######## ####++#####
..........#


You could see a shock serpent shaped shifter, 4 deep elf archers, a deep elf
zephyrmancer, a fire elemental (summoned) and 2 dancing weapons.

Vanquished Creatures
  Jorgrun (Orc:1)
  Gastronok (D:9)
  Louise (D:14)
  An orc warlord (Orc:2)
  A very ugly thing (D:15)
  A stone giant (D:10)
  Snorg (Lair:6)
  The ghost of Faeu the Blocker, a journeyman MiFi of Makhleb (Orc:2)
  A fire dragon (D:10)
  7 hydras
  A rakshasa (D:15)
  4 boulder beetles
  A great orb of eyes (D:15)
  Erica (Orc:1)
  7 centaur warriors
  2 death knights
  7 two-headed ogres
  5 dancing weapons (Elf:1)
  6 death yaks (Lair:5)
  A tengu warrior (D:15)
  3 thrashing horrors (Lair:6)
  The ghost of DildoBatman the Magician, a novice FoCj of Kikubaaqudgha (D:8)
  An orc high priest (Orc:2)
  Nergalle (Lair:2)
  A deep elf knight (Elf:1)
  Sonja (Lair:1)
  A hell knight (Volcano)
  A skeletal warrior (D:15)
  A deep elf archer (Elf:1)
  7 orc knights
  A lindwurm (Lair:6)
  2 wizards (D:15)
  4 deep elf zephyrmancers
  2 necromancers
  10 orc sorcerers
  An oklob plant (Lair:5)
  A manticore (D:14)
  5 deep elf pyromancers
  21 elephants
  15 ugly things
  6 cyclopes
  Joseph (Lair:1)
  6 black mambas
  A smoke demon (Lair:6)
  12 cane toads
  2 gargoyles
  A rime drake (Lair:6)
  Maggie (D:9)
  An unseen horror (D:13)
  2 yaktaurs
  A freezing wraith (D:15)
  12 komodo dragons
  A tengu conjurer (D:10)
  2 ancient zymes (Lair:6)
  A wind drake (shapeshifter) (D:13)
  A hornet (D:10)
  3 meliai (D:14)
  10 slime creatures
  5 trolls
  3 polar bears
  A slime creature (shapeshifter) (D:10)
  20 blink frogs (Lair:6)
  A spriggan (Lair:6)
  2 ynoxinuls (Lair:6)
  4 water elementals
  57 yaks
  A spriggan (shapeshifter) (Lair:6)
  5 wyverns
  3 shadows
  3 wraiths
  7 small abominations (Lair:6)
  6 basilisks
  13 vampire mosquitoes
  2 chaos spawn (Lair:6)
  11 wargs
  2 steam dragons (D:8)
  A redback (shapeshifter) (D:15)
  4 acid dragons
  13 water moccasins
  4 nagas (Lair:4)
  A large abomination (Lair:6)
  Duvessa (D:5)
  2 ice beasts (D:6)
  4 black bears
  34 orc warriors
  A sky beast (D:6)
  12 ogres
  A necrophage (D:8)
  9 wolves (Lair:6)
  16 centaurs
  15 bullfrogs
  An earth elemental (Elf:1)
  A water moccasin zombie (D:5)
  2 scorpions
  A wyvern skeleton (D:7)
  A water moccasin skeleton (D:5)
  Dowan (D:5)
  5 killer bees
  11 electric eels
  3 howler monkeys (D:9)
  A bullfrog zombie (D:6)
  6 centaur zombies
  3 hounds
  13 orc priests
  A gnoll shaman (D:9)
  6 jellies
  A scorpion zombie (D:5)
  An iguana (D:7)
  46 orc wizards
  3 polar bear simulacra (Lair:2)
  3 wolf simulacra (Lair:2)
  A hound skeleton (D:4)
  A howler monkey zombie (D:7)
  13 gnolls
  9 adders
  A howler monkey skeleton (D:6)
  A white imp (D:7)
  An ufetubus (D:6)
  A worm (shapeshifter) (Lair:6)
  7 dart slugs
  109 orcs
  5 ball pythons
  3 endoplasms
  4 giant cockroaches
  9 goblins
  5 hobgoblins
  8 bats
  6 frilled lizards
  2 kobolds
  3 rats
  5 river rat simulacra (Lair:2)
763 creatures vanquished.

Vanquished Creatures (others)
  3 orc wizards
  A bush (Lair:6)
  53 fungi
  80 plants
137 creatures vanquished.

Grand Total: 900 creatures vanquished

Notes
Turn   | Place    | Note
-------+----------+-------------------------------------------
     0 | D:1      | Peloso the Minotaur Fighter began the quest for the Orb.
     0 | D:1      | Reached XP level 1. HP: 19/19 MP: 0/0
   293 | D:1      | Reached XP level 2. HP: 25/27 MP: 1/1
   864 | D:2      | Reached XP level 3. HP: 31/33 MP: 2/2
  1146 | D:2      | Identified the +9 rapier "Gotinav" {freeze, rPois rN+
                  | Dex-5}
  1665 | D:3      | Reached XP level 4. HP: 39/40 MP: 3/3
  1751 | D:3      | Found a shadowy altar of Dithmenos.
  1751 | D:3      | Found an ancient bone altar of Kikubaaqudgha.
  1819 | D:3      | Reached skill level 1 in Dodging
  1887 | D:3      | Found a faded altar of an unknown god.
  2334 | D:3      | Reached skill level 1 in Short Blades
  2348 | D:3      | Reached XP level 5. HP: 35/46 MP: 4/4
  2499 | D:4      | Noticed a black bear
  2509 | D:4      | Killed a black bear
  2510 | D:4      | Reached skill level 5 in Armour
  2612 | D:4      | Noticed an ogre
  2621 | D:4      | HP: 2/47 [ogre/+0 giant club (5)]
  2622 | D:4      | Killed an ogre
  2623 | D:4      | Reached XP level 6. HP: 2/53 MP: 5/5
  3061 | D:4      | Found a runed translucent door.
  3062 | D:4      | Noticed hitsuchi's ghost (amateur TeAE)
  3445 | D:4      | Found a staircase to the Ecumenical Temple.
  3628 | Temple   | Entered the Ecumenical Temple
  3807 | Temple   | Became a worshipper of Warmaster Okawaru
  3851 | D:5      | Entered Level 5 of the Dungeon
  3874 | D:5      | Reached XP level 7. HP: 58/60 MP: 6/6
  3980 | D:5      | Reached skill level 1 in Stealth
  4233 | D:5      | Noticed Dowan
  4233 | D:5      | Noticed Duvessa
  4245 | D:5      | Killed Dowan
  4246 | D:5      | Reached skill level 5 in Shields
  4249 | D:5      | Killed Duvessa
  4445 | D:5      | Reached skill level 5 in Fighting
  4446 | D:5      | Reached * piety under Okawaru
  4674 | D:5      | Reached skill level 5 in Short Blades
  4800 | D:6      | Reached XP level 8. HP: 68/68 MP: 7/7
  4958 | D:6      | Reached ** piety under Okawaru
  5907 | D:7      | Reached XP level 9. HP: 78/78 MP: 8/8
  6003 | D:7      | You fall into a shaft and drop 3 floors!
  6003 | D:10     | Entered Level 10 of the Dungeon
  6293 | D:10     | Noticed a komodo dragon
  6307 | D:10     | Killed a komodo dragon
  6366 | D:10     | Found a staircase to the Orcish Mines.
  6470 | D:9      | Noticed a deep elf pyromancer
  6489 | D:9      | Noticed Gastronok
  6490 | D:9      | Killed a deep elf pyromancer
  6514 | D:9      | Killed Gastronok
  6514 | D:9      | Reached *** piety under Okawaru
  6515 | D:9      | Reached skill level 1 in Invocations
  6769 | D:9      | Reached skill level 10 in Short Blades
  6774 | D:9      | Reached XP level 10. HP: 86/86 MP: 9/9
  6989 | D:8      | Found a runed translucent gate.
  6990 | D:8      | Found a runed translucent gate.
  6992 | D:8      | Found a runed translucent gate.
  6993 | D:8      | Noticed DildoBatman's ghost (novice FoCj)
  7118 | D:8      | Found a viscous altar of Jiyva.
  7252 | D:8      | Reached **** piety under Okawaru
  8163 | D:9      | Reached skill level 10 in Armour
  8378 | D:9      | Noticed a two-headed ogre
  8384 | D:9      | Killed a two-headed ogre
  8385 | D:9      | Noticed Maggie
  8391 | D:9      | Killed Maggie
  8505 | D:9      | Reached ***** piety under Okawaru
  8795 | D:9      | Found a staircase to the Lair.
  8864 | D:9      | Reached XP level 11. HP: 90/97 MP: 11/11
  9274 | D:10     | Noticed a deep elf zephyrmancer
  9274 | D:10     | Noticed a deep elf zephyrmancer
  9274 | D:10     | Noticed a deep elf zephyrmancer
  9282 | D:10     | Killed a deep elf zephyrmancer
  9286 | D:10     | Killed a deep elf zephyrmancer
  9293 | D:10     | Killed a deep elf zephyrmancer
 10253 | D:11     | Noticed a two-headed ogre
 10261 | D:11     | Killed a two-headed ogre
 10684 | D:11     | Reached ****** piety under Okawaru
 10885 | Lair:1   | Entered Level 1 of the Lair of Beasts
 11023 | Lair:1   | Received a gift from Okawaru
 11024 | Lair:1   | Reached skill level 10 in Fighting
 11094 | Lair:1   | Noticed a five-headed hydra
 11102 | Lair:1   | Killed a five-headed hydra
 11103 | Lair:1   | Noticed an eight-headed hydra
 11112 | Lair:1   | Killed an eight-headed hydra
 11284 | Lair:1   | Noticed Sonja
 11287 | Lair:1   | Noticed Joseph
 11295 | Lair:1   | Killed Sonja
 11296 | Lair:1   | Reached XP level 12. HP: 82/107 MP: 12/12
 11306 | Lair:1   | Killed Joseph
 11850 | Lair:1   | Noticed a four-headed hydra
 11861 | Lair:1   | Killed a four-headed hydra
 12137 | Lair:2   | Noticed a boulder beetle
 12146 | Lair:2   | Killed a boulder beetle
 12314 | Lair:2   | Identified the +1 robe of Protective Custody {rElec Will-
                  | MP+9 Str+5} (Okawaru gifted it to you on level 2 of the
                  | Lair of Beasts)
 12314 | Lair:2   | Received a gift from Okawaru
 12788 | Lair:2   | Noticed Nergalle
 12801 | Lair:2   | Killed Nergalle
 12802 | Lair:2   | Reached skill level 1 in Evocations
 13462 | Lair:3   | Reached skill level 15 in Short Blades
 13528 | Lair:3   | Reached XP level 13. HP: 110/117 MP: 14/14
 13535 | Lair:3   | Identified the +11 rapier of Dissolution {spect, Int+7}
                  | (Okawaru gifted it to you on level 3 of the Lair of Beasts)
 13535 | Lair:3   | Received a gift from Okawaru
 14467 | Lair:4   | Found a staircase to the Snake Pit.
 14789 | Lair:4   | Found a staircase to the Swamp.
 15051 | Lair:4   | Reached skill level 15 in Armour
 15317 | Lair:5   | Found a staircase to the Slime Pits.
 15373 | Lair:5   | Received a gift from Okawaru
 15373 | Lair:5   | Found the +3 Mad Mage's Maulers {Infuse+∞ RegenMP Int-3}
 15801 | Lair:5   | Found a blossoming altar of Fedhas.
 16897 | D:12     | Found an iron altar of Okawaru.
 17570 | D:13     | Reached XP level 14. HP: 118/129 MP: 1/15
 18078 | D:13     | Found Helede Cojy's General Store.
 18081 | D:13     | Found Mumees's Antique Armour Shop.
 18093 | D:13     | Found Lomeack's Armour Shop.
 18112 | D:13     | Found Ugoma's Magic Scroll Shop.
 18115 | D:13     | Bought a scroll of identify for 24 gold pieces
 18115 | D:13     | Bought a scroll of identify for 24 gold pieces
 18538 | D:8      | Killed DildoBatman's ghost
 18538 | D:8      | Received a gift from Okawaru
 18539 | D:8      | Reached skill level 10 in Shields
 18813 | Orc:1    | Entered Level 1 of the Orcish Mines
 18830 | Orc:1    | Noticed Erica
 18835 | Orc:1    | Noticed Jorgrun
 18852 | Orc:1    | Killed Jorgrun
 18856 | Orc:1    | Killed Erica
 18907 | Orc:1    | Found a dark tunnel.
 18919 | Volcano  | Entered a volcano
 18958 | Volcano  | Identified the +1 pair of gloves "Cont" {rPois rC+}
 19824 | Orc:2    | Entered Level 2 of the Orcish Mines
 19824 | Orc:2    | Found a staircase to the Elven Halls.
 20048 | Orc:2    | Noticed an orc warlord
 20101 | Orc:2    | Killed an orc warlord
 20298 | Orc:2    | Found Sag Hakoi's Assorted Antiques.
 20301 | Orc:2    | Received a gift from Okawaru
 20324 | Orc:2    | Found Jeergh's Armour Emporium.
 20343 | Orc:2    | Bought the +0 pair of gloves of the Jabberwock {rPois Will+
                  | Slay+3 Stlth+} for 367 gold pieces
 20401 | Orc:2    | Found Rofurouca's Assorted Antiques.
 20401 | Orc:2    | Found Qumod's Distillery.
 20408 | Orc:2    | Identified the +3 short sword "Dob Poj" {protect, Will++
                  | Dex+4 SInv} (Okawaru gifted it to you on level 2 of the
                  | Orcish Mines)
 20408 | Orc:2    | Received a gift from Okawaru
 20447 | Orc:2    | Bought a coiled lead ring for 130 gold pieces
 20447 | Orc:2    | Identified the ring "Vyts" {rF+ rC+ Str-2 Int+4 Dex+4} (You
                  | bought it in a shop on level 2 of the Orcish Mines)
 20714 | Orc:2    | Found a runed translucent gate.
 20714 | Orc:2    | Noticed Faeu's ghost (journeyman MiFi)
 20714 | Orc:2    | Identified the +9 plate armour "Karugruh" {*Slow rN+ SInv
                  | Stlth+}
 20715 | Orc:2    | Found a runed translucent gate.
 20716 | Orc:2    | Found a runed translucent gate.
 20719 | Orc:2    | Identified the +8 mace of Destiny {vorpal, Str+2 Dex+2
                  | Stlth+}
 21016 | Orc:2    | Identified the +0 chain mail of Anarchy {Str+6}
 21164 | Orc:2    | Killed Faeu's ghost
 21967 | D:14     | Identified the +9 rapier of Wealth {vorpal, Fly} (Okawaru
                  | gifted it to you on level 14 of the Dungeon)
 21967 | D:14     | Received a gift from Okawaru
 22116 | D:14     | Found a gate to the Vaults.
 22152 | D:14     | Noticed Louise
 22165 | D:14     | Killed Louise
 22166 | D:14     | Reached XP level 15. HP: 110/139 MP: 14/16
 22656 | D:14     | Found an ornate altar of the Wu Jian Council.
 22661 | D:14     | Reached skill level 5 in Stealth
 22967 | D:10     | Reached skill level 15 in Fighting
 23112 | D:10     | Found the +8 whip "Snakebite" {venom, curare, rPois}
 23126 | D:10     | Identified the ring of Itorofa {rF+ Int+2 Dex+2}
 23489 | D:15     | Entered Level 15 of the Dungeon
 23525 | D:15     | Identified the +6 plate armour "Immock" {rElec} (Okawaru
                  | gifted it to you on level 15 of the Dungeon)
 23525 | D:15     | Received a gift from Okawaru
 23768 | D:15     | Found the -2 hat of the Alchemist {rElec rPois rF+ rC+ rN+
                  | Will+ rMut rCorr}
 24018 | D:15     | Found a staircase to the Depths.
 24826 | Lair:6   | Entered Level 6 of the Lair of Beasts
 24982 | Lair:6   | Identified the +4 kite shield of Uritikeo {-Cast Harm Fly
                  | rPois} (Okawaru gifted it to you on level 6 of the Lair of
                  | Beasts)
 24982 | Lair:6   | Received a gift from Okawaru
 25071 | Lair:6   | Noticed Snorg
 25083 | Lair:6   | Killed Snorg
 25431 | Lair:6   | Reached skill level 5 in Dodging
 25534 | Lair:6   | Reached XP level 16. HP: 146/151 MP: 17/17
 25756 | Lair:6   | Found a corrupted altar of Lugonu.
 25756 | Lair:6   | Found a one-way gate to the infinite horrors of the Abyss.
 26560 | Elf:1    | Entered Level 1 of the Elven Halls
 26639 | Elf:1    | Noticed kalagan's ghost (journeyman DECj)
 26651 | Elf:1    | Found a runed translucent gate.
 26651 | Elf:1    | Found a runed translucent gate.
 26652 | Elf:1    | Found a runed translucent gate.
 26715 | Elf:1    | Slain by a +2 halberd of venom

Illustrated notes

Levels and vault maps discovered:
D:1:      dpeg_arrival_pits, layout_basic
D:2:      layout_loops_ring
D:3:      layout_loops_ring, minitemple, ebering_ecumenical_altar_abandoned,
          grunt_decor_fettered, kennysheep_generic_room_16
D:4:      layout_loops_ring, temple_doors_ab, ebering_ghost_reflecting_pool,
          minmay_misc_feat_room
D:5:      layout_basic, uniq_duvessa
D:6:      layout_rooms, lemuel_flamethrower_2
D:7:      layout_rooms, nicolae_elevator_lobby_plus
D:8:      layout_loops_ring, gammafunk_ghost_ooze
D:9:      layout_basic, lair_entry_dummy, uniq_gastronok, uniq_maggie
D:10:     minmay_the_grid_4x2 [minmay_the_grid_large_cup, minmay_the_grid_slots,
          minmay_the_grid_tree, minmay_the_grid_dragon_a,
          minmay_the_grid_tri_star, minmay_the_grid_garden,
          minmay_the_grid_odd_star, minmay_the_grid_prize_diamond_cup],
          layout_loops_ring, minmay_orc_entry_temple_small, fungi_pond_lemuel
D:11:     layout_stronghold
D:12:     layout_rooms, okawaru_metal_pillars_1_2
D:13:     wander_river, layout_basic, minmay_shop_grid_forest
D:14:     layout_loops_ring, david_vaults_1,
          nicolae_wu_jian_immortal_techniques, kennysheep_potato, uniq_louise
D:15:     gammafunk_enter_depths_forms, layout_loops_ring, special_room
          [special_room_orc]
Temple:   mainiacjoe_temple_big_plus
Lair:1:   layout_cave_pods, grunt_megastairs_5, uniq_sonja, uniq_joseph
Lair:2:   layout_regular_city, eino_house_with_fridge, grunt_megastairs_2,
          uniq_nergalle
Lair:3:   layout_cave_pods, beast_lair_carwin_8
Lair:4:   layout_hall_layers, minmay_swamp_entry_swarm,
          minmay_snake_entry_guardpost_small
Lair:5:   layout_regular_city, nicolae_slime_entry_slimehenge, tgw_fedhas
Lair:6:   hellmonk_lair_end_abyssal_woods, layout_cave_pods, uniq_snorg
Orc:1:    layout_diamond_mine, enter_volcano_4, uniq_jorgrun, uniq_erica
Orc:2:    st_orc_town, layout_caves, biasface_ghost_orc_armoury,
          guppyfry_library_mini
Elf:1:    eino_elf_arrival_sip, layout_gridlike, serial_shops, shop,
          gammafunk_ghost_split, minivault_28, minivault_15, st_stairs_6

Skill      XL: |  1  2  3  4  5  6  7  8  9 10 11 12 13 14 15 16 |
---------------+-------------------------------------------------+-----
Armour         | 4 5 6 7 9 10 12 14 15 16 17 | 17.4
Shields        | 4 5 6 7 9 11 13 14 | 14.7
Fighting       | 4 5 6 7 9 10 11 13 14 16 | 16.4
Long Blades    | 3 4 |  4.0
Dodging        | 1 2 3 4 5 |  5.1
Short Blades   | 1 2 3 5 7 10 12 13 15 16 17 | 17.8
Stealth        | 1 2 3 4 5 |  5.3
Invocations    | 1 2 3 |  3.7
Evocations     | 1 2 |  2.7

Action                   |  1- 3 |  4- 6 |  7- 9 | 10-12 | 13-15 | 16-18 || total
-------------------------+-------+-------+-------+-------+-------+-------++-------
Melee: Long sword        |    56 |       |       |       |       |       ||    56
       Headbutt          |     6 |     6 |    24 |   116 |   324 |    23 ||   499
       Rapier            |    15 |    64 |   141 |   432 |  1163 |    94 ||  1909
Invok: Heroism           |       |       |     4 |     5 |     9 |     1 ||    19
       Finesse           |       |       |       |     1 |       |       ||     1
Evoke: Wand              |       |       |       |     3 |    13 |       ||    16
  Use: Scroll            |     4 |       |       |    10 |    18 |     1 ||    33
       Potion            |       |       |       |       |       |     2 ||     2
 Stab: Distracted        |       |       |       |       |    10 |     2 ||    12
Armor: Scale mail        |    53 |    20 |     5 |       |       |       ||    78
       Chain mail        |       |       |    27 |       |       |       ||    27
       Plate armour      |       |       |     7 |   207 |   536 |    61 ||   811
Dodge: Dodged            |    39 |    23 |    39 |   108 |   265 |    31 ||   505
Block: Buckler           |    27 |     9 |    19 |    59 |   156 |       ||   270
       Tower shield      |       |       |       |       |   307 |   109 ||   416
